 Dungeon Crawl Stone Soup version 0.30.0-29-ga12c61a403 (webtiles) character file.

Game seed: 14958092110981709853

2712 Gabide the Destroyer (level 9, -6/74 HPs)
             Began as a Demigod Conjurer on June 7, 2023.
             Mangled by a vault guard
             ... wielding a +0 broad axe
              (13 damage)
             ... in a bailey.
             The game lasted 00:12:36 (8297 turns).

Gabide the Destroyer (Demigod Conjurer)             Turns: 8297, Time: 00:12:37

Health: -6/74      AC: 10    Str:  8    XL:     9   Next: 16%
Magic:  3/20       EV: 11    Int: 32    God:
Gold:   364        SH:  0    Dex: 12    Spells: 11/18 levels left

rFire   . . .        a - +3 spear (venom)
rCold   . . .        (no shield)
rNeg    . . .        d - +0 ring mail
rPois   .            (no helmet)
rElec   .            (no cloak)
rCorr   .            i - +0 pair of gloves
SInv    +            (no boots)
Will    .....        (no amulet)
Stlth   +            h - +4 ring of protection
HPRegen 0.32/turn    q - ring of see invisible
MPRegen 0.17/turn

%: no passive effects
@: about to teleport
A: high MP 1, forlorn, divine attributes
a: no special abilities


You were in a bailey.
You visited 1 branch of the dungeon, and saw 7 of its levels.
You also visited: Bailey.

You collected 364 gold pieces.

Inventory:

Hand Weapons
 a - a +3 spear of venom (weapon)
Armour
 d - a +0 ring mail (worn)
 i - a +0 pair of gloves (worn)
 o - a +0 buckler
Jewellery
 h - a +4 ring of protection (left hand)
 q - a ring of see invisible (right hand)
 r - a ring of resist corrosion
Wands
 e - a wand of quicksilver (16)
 n - a wand of polymorph (9)
 s - a wand of mindburst (7)
Scrolls
 c - 5 scrolls of teleportation
 m - 2 scrolls of fear
 u - a scroll of vulnerability {unknown}
Potions
 b - a potion of degeneration {unknown}
 f - 2 potions of brilliance
 g - 2 potions of lignification
 j - 2 potions of berserk rage
 k - 2 potions of curing {unknown}
 l - 3 potions of haste
 p - a potion of mutation {unknown}
 t - a potion of flight {unknown}


   Skills:
 + Level 5.1 Fighting
 + Level 5.5 Dodging
 - Level 1.7 Stealth
 + Level 5.0 Spellcasting
 * Level 8.4 Conjurations


You had 11 spell levels left.
You knew the following spells:

 Your Spells              Type           Power      Damage    Failure   Level
a - Magic Dart            Conj           100%       1d8       1%          1
b - Searing Ray           Conj           100%       2d8       1%          2
c - Kiss of Death         Conj/Necr      100%       2d13      2%          1
d - Dazzling Flash        Conj/Hex       70%        N/A       9%          3

Your spell library contained the following spells:

 Spells                   Type           Power      Damage    Failure   Level
 Iskenderun's Battlesphe  Conj           58%        2d11      14%         5
 Sting                    Tmut/Pois      32%        1d4       16%         1
 Mephitic Cloud           Conj/Pois/Air  26%        N/A       16%         3
 Call Imp                 Summ           16%        N/A       24%         2
 Fulminant Prism          Conj/Hex       17%        3d11      28%         4
 Iskenderun's Mystic Bla  Conj/Tloc      35%        2d8       28%         4
 Confusing Touch          Hex            8%         N/A       43%         3
 Fireball                 Conj/Fire      17%        3d9       61%         5
 Dispel Undead            Necr           8%         3d8       83%         4
 Manifold Assault         Tloc           8%         N/A       83%         4
 Conjure Ball Lightning   Conj/Air       17%        3x3d6     99%         6
 Orb of Destruction       Conj           29%        9d9       99%         7
 Dispersal                Tloc           4%         N/A       100%        6
 Disjunction              Tloc           4%         N/A       100%        8
 Chain Lightning          Conj/Air       17%        3d23      100%        9
 Fire Storm               Conj/Fire      17%        8d5       100%        9
 Shatter                  Erth           4%         3d7*      100%        9


Dungeon Overview and Level Annotations

Branches:
Dungeon (7/15)             Temple (0/1) D:6          Bailey (1/1)

Shops:
D:1 (   D:5 *

Annotations:
D:7 Maggie


Innate Abilities, Weirdness & Mutations

You have an increased reservoir of magic. (+10% MP)
You shall have no god before yourself.
Your divine heritage dramatically boosts your attributes as you level up.


Message History

An open door.
Unknown command.
The vault guard is no longer blind.
Casting: Dazzling Flash (dangerous; 9% risk of failure)
Confirm with . or Enter, or press ? or * to list all spells.
Casting: Dazzling Flash (dangerous; 9% risk of failure)
Press: ? - help, Dir - look around, f - activate The vault guard misses you.
Casting: Dazzling Flash (dangerous; 9% risk of failure)
Confirm with . or Enter, or press ? or * to list all spells.
Casting: Dazzling Flash (dangerous; 9% risk of failure)
Press: ? - help, Dir - look around, f - activate The blink frog is dazzled.
The vault guard completely misses you.
Unknown command.
Casting: Dazzling Flash (dangerous; 9% risk of failure)
Confirm with . or Enter, or press ? or * to list all spells.
Casting: Dazzling Flash (dangerous; 9% risk of failure)
Press: ? - help, Dir - look around, f - activate The blink frog is dazzled.
The blink frog hits you but does no damage.
The vault guard closely misses you.
Unknown command.
Casting: Dazzling Flash (dangerous; 9% risk of failure)
Confirm with . or Enter, or press ? or * to list all spells.
Casting: Dazzling Flash (dangerous; 9% risk of failure)
Press: ? - help, Dir - look around, f - activate The vault guard is dazzled.
The blink frog hits you!
The vault guard hits you with a +0 broad axe!
The blink frog hits you!
* * * LOW HITPOINT WARNING * * *
The blink frog blinks!
As you read the scroll of teleportation, it crumbles to dust.
You feel strangely unstable.
The vault guard hits you with a +0 broad axe!
* * * LOW HITPOINT WARNING * * *
The vault guard is no longer blind.
The blink frog closely misses you. The blink frog barely misses you.
The vault guard attacks as you move away!
The vault guard hits you with a +0 broad axe!
You die...

## +.### #≈.~## #≈.~~##
##≈.~~~# #########
###≈~..~# ####
##....#≈≈####≈≈~~..# ....)
##.....#~~≈≈≈≈~~p...#.....!
#...#..'..~~~~.@F...'..∩...
#...#..#..†..)..~...#.....!
#..##..#≈≈≈~.~......# ....?
#...#######≈~~~...~.~# ####
###.......##≈~~~~~~~~~≈#
..##).....#≈~~~~~~~~~≈##
∩..))...#+##≈≈~~~~~≈≈##
...###### ###≈≈≈≈≈### ∩..+
#######


You could see a vault guard (very poisoned) and a blink frog (blind).

Vanquished Creatures
  Prince Ribbit (D:6)
  Sigmund (D:2)
  A wyvern (D:6)
  Menkaure (D:4)
  A water moccasin (D:6)
  2 black bears
  2 ogres
  2 kobold brigands (D:6)
  4 bullfrogs (Bailey)
  A gnoll sergeant (D:7)
  4 scorpions
  A howler monkey (D:5)
  7 hounds
  2 gnoll boudas (D:4)
  2 orc priests (D:7)
  5 iguanas
  Natasha (thrice) (D:3)
  A sleepcap (D:5)
  17 gnolls
  3 adders
  3 white imps
  An ufetubus (D:5)
  2 worms
  A dart slug (D:1)
  12 orcs
  6 ball pythons
  4 bats
  5 endoplasms
  8 giant cockroaches
  13 goblins
  12 hobgoblins
  5 jackals
  4 quokkas
  A frilled lizard (D:1)
  29 kobolds
  6 rats
173 creatures vanquished.

Vanquished Creatures (others)
  A white imp (D:6)
1 creature vanquished.

Grand Total: 174 creatures vanquished

Notes
Turn   | Place    | Note
-------+----------+-------------------------------------------
     0 | D:1      | Gabide the Demigod Conjurer began the quest for the Orb.
     0 | D:1      | Reached XP level 1. HP: 14/14 MP: 5/5
   495 | D:1      | Reached XP level 2. HP: 22/22 MP: 5/7
   687 | D:1      | Found Meval's Weapon Shoppe.
  1099 | D:1      | Reached skill level 4 in Conjurations
  1374 | D:2      | Reached skill level 1 in Fighting
  1374 | D:2      | Reached XP level 3. HP: 7/28 MP: 1/8
  1846 | D:2      | Noticed Sigmund
  1895 | D:2      | Killed Sigmund
  1896 | D:2      | Reached XP level 4. HP: 28/36 MP: 10/10
  1896 | D:2      | Reached XP level 5. HP: 32/41 MP: 11/11
  2016 | D:2      | Reached skill level 5 in Conjurations
  2653 | D:3      | Learned a level 2 spell: Searing Ray
  3129 | D:3      | Noticed Natasha
  3135 | D:3      | Killed Natasha
  3136 | D:3      | Reached XP level 6. HP: 48/48 MP: 0/13
  3518 | D:3      | Noticed Natasha
  3523 | D:3      | Killed Natasha
  3531 | D:3      | Noticed Natasha
  3544 | D:3      | Killed Natasha
  3790 | D:4      | Noticed Menkaure
  3900 | D:4      | Killed Menkaure
  3999 | D:4      | Reached XP level 7. HP: 56/56 MP: 9/15
  4286 | D:4      | Reached skill level 6 in Conjurations
  4553 | D:4      | Learned a level 1 spell: Kiss of Death
  4559 | D:4      | Got Sif Muna's Annotations on Flesh
  5006 | D:5      | Entered Level 5 of the Dungeon
  5147 | D:5      | Found Inaodeja's Assorted Antiques.
  6074 | D:6      | Found a staircase to the Ecumenical Temple.
  6091 | D:6      | Reached XP level 8. HP: 61/66 MP: 12/17
  6270 | D:6      | Reached skill level 7 in Conjurations
  6542 | D:6      | Noticed Prince Ribbit
  6565 | D:6      | Killed Prince Ribbit
  6821 | D:6      | Reached skill level 5 in Dodging
  7494 | D:7      | Noticed Maggie
  7496 | D:7      | Maggie changed into Maggie the golden eye
  7496 | D:7      | Noticed Maggie
  7727 | D:6      | Reached skill level 8 in Conjurations
  7933 | D:7      | Reached XP level 9. HP: 73/73 MP: 14/19
  7971 | D:7      | Found a flagged portal.
  7989 | Bailey   | Entered a bailey
  8134 | Bailey   | Learned a level 3 spell: Dazzling Flash
  8173 | Bailey   | Reached skill level 5 in Fighting
  8226 | Bailey   | Reached skill level 5 in Spellcasting
  8280 | Bailey   | Noticed a vault guard
  8297 | Bailey   | Mangled by a vault guard

Illustrated notes

Levels and vault maps discovered:
D:1:      spicycebolla_arrival_risky_transporter, layout_loops_ring,
          serial_shops, shop, minmay_worlds_worst_comb
D:2:      layout_rooms, amcnicky_mini_pool_small, chequers_big_river,
          uniq_sigmund
D:3:      layout_basic, shapermc_ecumenical_altar_ellora, uniq_natasha
D:4:      layout_basic, grunt_temple_overflow_magic_moments,
          kennysheep_little_box, kennysheep_okawaru_gauntlet,
          grunt_decor_resistance, uniq_menkaure
D:5:      layout_loops_cross, mainiacjoe_overflow_cross_hatched, serial_shops,
          shop
D:6:      kennysheep_kobold_camp, layout_basic, lemuel_round_altar,
          mainiacjoe_overflow_paths, minmay_temple_entry_statues_fountains,
          nicolae_lava_and_water, uniq_prince_ribbit1
D:7:      layout_basic, enter_bailey_4, uniq_maggie
Bailey:   bailey_axe_froggy_fort_hellmonk, bailey

Skill      XL: |  1  2  3  4  5  6  7  8  9 |
---------------+----------------------------+-----
Dodging        | 2 3 4 5 |  5.5
Spellcasting   | 2 3 4 5 |  5.0
Conjurations   | 4 5 6 8 |  8.4
Fighting       | 1 2 3 4 5 |  5.1
Stealth        | |  1.7

Action                     |  1- 3 |  4- 6 |  7- 9 || total
---------------------------+-------+-------+-------++-------
  Melee: Unarmed           |     6 |       |       ||     6
         Dagger            |    11 |       |       ||    11
         Spear             |       |     4 |    74 ||    78
         Punch             |       |       |     1 ||     1
   Cast: Magic Dart        |    93 |    24 |       ||   117
         Searing Ray       |       |    22 |    71 ||    93
         Dazzling Flash    |       |       |     5 ||     5
  Evoke: Wand              |     2 |       |     2 ||     4
    Use: Scroll            |     3 |     6 |     4 ||    13
         Potion            |     2 |       |       ||     2
 Armour: Robe              |     3 |       |       ||     3
         Ring mail         |    10 |     7 |    79 ||    96
         Skin              |       |     8 |       ||     8
  Dodge: Dodged            |    14 |     9 |   119 ||   142
